 Dungeon Crawl Stone Soup version 0.26-a0-663-g36e8fdb655 (webtiles) character file.

Game seed: 11395984956225466666

4839 halkony2012 the Cleaver (level 10, -4/93 HPs)
             Began as a Minotaur Fighter on Oct 10, 2020.
             Was an Elder of Makhleb.
             Slain by a boulder beetle (11 damage)
             ... on level 9 of the Dungeon on Oct 11, 2020.
             The game lasted 00:16:52 (9306 turns).

halkony2012 the Cleaver (Minotaur Fighter)          Turns: 9306, Time: 00:16:52

Health: -4/93      AC: 14    Str: 24    XL:     10   Next: 25%
Magic:  10/10      EV:  4    Int:  5    God:    Makhleb [****..]
Gold:   495        SH: 10    Dex: 10    Spells: 9/9 levels left

rFire    . . .     SeeInvis .   a - +0 war axe
rCold    . . .     Faith    +   c - +0 kite shield
rNeg     . . .     Spirit   .   y - +1 plate armour
rPois    .         Reflect  .   (helmet restricted)
rElec    .         Harm     .   (no cloak)
rCorr    .         Rampage  .   (no gloves)
MR       .....                  A - +0 pair of boots
Stlth    ..........             i - amulet of faith
HPRegen  0.25/turn              e - ring of stealth
MPRegen  0.12/turn              j - ring of stealth

@: no status effects
A: retaliatory headbutt, horns 2
a: Minor Destruction, Lesser Servant of Makhleb, Major Destruction, Renounce
Religion


You were on level 9 of the Dungeon.
You worshipped Makhleb.
Makhleb was greatly pleased with you.
You visited 1 branch of the dungeon, and saw 9 of its levels.

You collected 495 gold pieces.

Inventory:

Hand Weapons
 a - a +0 war axe (weapon)
Missiles
 t - a throwing net (quivered)
Armour
 b - a +0 scale mail
 c - a +0 kite shield (worn)
 l - a +0 ring mail
 q - a +0 ring mail
 y - a +1 plate armour (worn)
 A - a +0 pair of boots (worn)
 D - +0 acid dragon scales
Jewellery
 e - a ring of stealth (left hand)
 i - an amulet of faith (around neck)
 j - a ring of stealth (right hand)
Wands
 d - a wand of flame (23)
 u - a wand of acid (5)
 B - a wand of digging (2)
Scrolls
 g - 4 scrolls of amnesia
 n - a scroll of magic mapping {unknown}
 o - a scroll of remove curse
 p - a scroll of fog
 r - a scroll of enchant armour
 v - a scroll of enchant weapon
 x - a scroll of vulnerability
 C - a scroll of immolation {unknown}
Potions
 h - 2 potions of magic
 k - 3 potions of stabbing
 m - 2 potions of degeneration
 s - a potion of cancellation
 w - 2 potions of curing
 z - 4 potions of brilliance
 E - a potion of resistance


   Skills:
 + Level 9.9 Fighting
 - Level 14.0 Axes
 - Level 4.7 Armour
 - Level 0.4 Dodging
 - Level 2.5 Stealth
 - Level 4.1 Shields
 + Level 1.4 Invocations


You had 9 spell levels left.
You didn't know any spells.
Your spell library contained the following spells:

 Spells                   Type           Power        Failure   Level
 Foxfire                  Conj/Fire      #...         100%        1
 Conjure Flame            Conj/Fire      #.......     100%        3
 Inner Flame              Hex/Fire       #.......     100%        3
 Sticky Flame             Conj/Fire      #.......     100%        4
 Fireball                 Conj/Fire      #.........   100%        5


Dungeon Overview and Level Annotations

Branches:
Dungeon (9/15)             Temple (0/1) D:4
   Lair: D:8-11         Orc: D:9-12

Altars:
Ashenzari
Cheibriados
Elyvilon
Gozag
Kikubaaqudgha
Makhleb
Nemelex Xobeh
Okawaru
Qazlal
Wu Jian
Xom
The Shining One

Shops:
D:5 :

Annotations:
D:8 Grum


Innate Abilities, Weirdness & Mutations

You reflexively headbutt those who attack you in melee.
You have a pair of horns on your head.


Message History

The boulder beetle is moderately wounded.
The boulder beetle bites you but does no damage.
You hit the boulder beetle but do no damage.
You headbutt the boulder beetle, but do no damage.
The boulder beetle is moderately wounded.
The boulder beetle bites you!!
* * * LOW HITPOINT WARNING * * *
You hit the boulder beetle but do no damage.
The boulder beetle is moderately wounded.
The boulder beetle barely misses you.
You hit the boulder beetle but do no damage.
The boulder beetle is moderately wounded.
You block the boulder beetle's attack.
You hit the boulder beetle.
The boulder beetle is heavily wounded.
The boulder beetle blinks!
You see here an uncursed amulet of the acrobat.
The boulder beetle curls into a ball and begins rolling!
The boulder beetle hits you!
You die...

#####.# ##.....### #
##.#.####.... . ## #.###.....###
.. ..######..#.###..#. ...
#........#.## #...# # #..
#.########.## #.####.##. #..
####.# #...#..[####".†.......###
##....###....>#.@B○.###....#....#
#.....#.........###○# ##.##....
#..............## #○# #.# ####
#...>.#........# #.# #.# #
......###...#...# #B# #.# ..#.###
#...#.......# #.# ## ....#
#####...##..# #.# #. ..#.# ####
..# #.#####y ....# # #...ByyB


You could see a boulder beetle.

Vanquished Creatures
  A two-headed ogre (D:8)
  A tengu conjurer (D:9)
  A hornet (D:9)
  A wyvern (D:9)
  A steam dragon (D:9)
  2 orc warriors
  An ice beast (D:8)
  A sky beast (D:5)
  2 black bears
  A wolf (D:8)
  A centaur (D:6)
  4 ogres
  A big kobold (D:7)
  9 bullfrogs
  A wyvern skeleton (D:8)
  A scorpion (D:7)
  9 killer bees
  A centaur zombie (D:6)
  3 quasits
  3 jellies
  A bullfrog skeleton (D:7)
  4 hounds
  An orc priest (D:9)
  6 orc wizards
  A centaur skeleton (D:6)
  An iguana (D:9)
  Terence (D:2)
  3 worker ants
  A hound skeleton (D:4)
  A worker ant zombie (D:6)
  6 gnolls
  12 adders
  2 white imps
  An ufetubus (D:5)
  3 adder skeletons
  An adder zombie (D:6)
  3 worms
  5 dart slugs
  6 leopard geckos
  28 orcs
  A ball python (D:3)
  12 bats
  5 giant cockroaches
  7 goblins
  10 hobgoblins
  9 jackals
  5 quokkas
  8 frilled lizards
  A jackal skeleton (D:7)
  A jackal zombie (D:5)
  13 kobolds
  9 rats
213 creatures vanquished.

Vanquished Creatures (collateral kills)
  Maggie (D:9)
1 creature vanquished.

Grand Total: 214 creatures vanquished

Notes
Turn   | Place    | Note
-------+----------+-------------------------------------------
     0 | D:1      | halkony2012 the Minotaur Fighter began the quest for the
                  | Orb.
     0 | D:1      | Reached XP level 1. HP: 19/19 MP: 0/0
    49 | D:1      | Reached XP level 2. HP: 22/27 MP: 1/1
   336 | D:1      | Reached skill level 3 in Axes
   383 | D:1      | Reached XP level 3. HP: 33/33 MP: 2/2
   979 | D:2      | Reached XP level 4. HP: 15/40 MP: 3/3
  1351 | D:2      | Noticed Terence
  1359 | D:2      | Killed Terence
  1359 | D:2      | Reached skill level 4 in Axes
  2143 | D:2      | Reached XP level 5. HP: 44/46 MP: 4/4
  2481 | D:3      | Found a shimmering altar of Xom.
  2483 | D:3      | Found a glowing golden altar of the Shining One.
  2484 | D:3      | Found a burning altar of Makhleb.
  2484 | D:3      | Found an ancient bone altar of Kikubaaqudgha.
  2486 | D:3      | Found a broken altar of Ashenzari.
  2507 | D:3      | Became a worshipper of Makhleb the Destroyer
  2751 | D:3      | Reached skill level 5 in Axes
  3070 | D:4      | Found a sparkling altar of Nemelex Xobeh.
  3153 | D:4      | Reached skill level 1 in Stealth
  3206 | D:4      | Reached * piety under Makhleb
  3206 | D:4      | Reached XP level 6. HP: 48/53 MP: 5/5
  3277 | D:4      | Found a staircase to the Ecumenical Temple.
  3303 | D:4      | Reached skill level 6 in Axes
  3557 | D:4      | Found a snail-covered altar of Cheibriados.
  3921 | D:5      | Entered Level 5 of the Dungeon
  4044 | D:5      | Reached skill level 7 in Axes
  4052 | D:5      | Reached XP level 7. HP: 55/60 MP: 6/6
  4095 | D:5      | Reached skill level 5 in Fighting
  4291 | D:5      | Reached skill level 8 in Axes
  4542 | D:5      | Found Vastilov's Book Boutique.
  4846 | D:5      | Found an iron altar of Okawaru.
  4970 | D:6      | Reached skill level 9 in Axes
  5039 | D:6      | Reached XP level 8. HP: 55/69 MP: 7/7
  5400 | D:6      | Reached ** piety under Makhleb
  5403 | D:6      | Reached skill level 10 in Axes
  6213 | D:7      | Found a white marble altar of Elyvilon.
  6245 | D:7      | Found a stormy altar of Qazlal.
  6247 | D:7      | Noticed an air elemental
  6743 | D:8      | Reached skill level 11 in Axes
  6751 | D:8      | Found an ornate altar of the Wu Jian Council.
  6752 | D:8      | Found an opulent altar of Gozag.
  6776 | D:8      | Noticed a two-headed ogre
  7303 | D:8      | Reached *** piety under Makhleb
  7303 | D:8      | Reached XP level 9. HP: 72/77 MP: 8/8
  7315 | D:8      | Reached skill level 12 in Axes
  7348 | D:8      | Killed a two-headed ogre
  7348 | D:8      | Reached skill level 13 in Axes
  7589 | D:8      | Noticed Grum
  7946 | D:9      | Noticed a boulder beetle
  7948 | D:9      | Noticed a tengu conjurer
  8303 | D:9      | Noticed Maggie
  8318 | D:9      | Killed Maggie
  8318 | D:9      | Reached skill level 14 in Axes
  8749 | D:8      | Reached XP level 10. HP: 32/89 MP: 9/9
  8986 | D:9      | Reached skill level 1 in Invocations
  9242 | D:9      | Reached **** piety under Makhleb
  9306 | D:9      | Slain by a boulder beetle

Illustrated notes

Levels and vault maps discovered:
D:1:      erik_arrival_orb_chamber, layout_loops_ring, minmay_ruptured
D:2:      layout_loops_ring, minmay_puff, uniq_terence
D:3:      layout_loops_cross, grunt_temple_overflow_open
D:4:      layout_loops_ring, lemuel_coloured_pillars_altar,
          minmay_temple_entry_drinking_statues, kennysheep_slug_shrine
D:5:      layout_loops_ring, nicolae_overflow_hidden_temple, serial_shops, shop,
          nzn_random_ring
D:6:      layout_loops_ring
D:7:      layout_basic, nicolae_qazlal_style_of_elements, lemuel_doored_altar
D:8:      layout_rooms, overflow_temple_1_default, overflow_temple_1_default,
          overflow_temple_1_default, chequers_serial_rivers_micro_e,
          abandoned_shop, nicolae_zen_rock_garden, grunt_decor_cap, uniq_grum
D:9:      layout_loops_ring, serial_shops, nicolae_shop_trees,
          hangedman_glass_teeth, minmay_misc_feat_tiny, minmay_radiant,
          uniq_maggie

Skill      XL: |  1  2  3  4  5  6  7  8  9 10 |
---------------+-------------------------------+-----
Fighting       | 4 5 6 8 9 |  9.9
Armour         | 4 |  4.7
Axes           | 3 4 5 7 9 11 14 | 14.0
Shields        | 4 |  4.1
Stealth        | 1 2 |  2.5
Invocations    | 1 |  1.4
Dodging        | |  0.4

Action                   |  1- 3 |  4- 6 |  7- 9 | 10-12 || total
-------------------------+-------+-------+-------+-------++-------
Melee: War axe           |   102 |   160 |   310 |    85 ||   657
       Headbutt          |    11 |    24 |    58 |    19 ||   112
Invok: Lesser Servant of |       |       |     2 |       ||     2
Evoke: Wand              |       |       |    10 |       ||    10
  Use: Potion            |     1 |     1 |     2 |       ||     4
       Scroll            |     1 |       |    15 |     1 ||    17
 Stab: Sleeping          |       |     2 |     6 |       ||     8
Armor: Scale mail        |    44 |    36 |       |       ||    80
       Ring mail         |       |    14 |    14 |       ||    28
       Plate armour      |       |       |   142 |    39 ||   181
Dodge: Dodged            |    28 |    60 |    73 |    15 ||   176
Block: Kite shield       |    49 |    87 |   162 |    38 ||   336

Table legend: (Time is in decaauts)
 A = Elapsed time spent in this place.
 B = Non-inter-level travel time spent in this place.
 C = Inter-level travel time spent in this place.
 D = Time resting spent in this place.
 E = Time spent auto-exploring this place.
 F = Levels seen in this place.
 G = Mean time per level.
                   A        B        C        D        E       F      G
               +--------+--------+--------+--------+--------+-----+--------+
         Total |   9402 |   9062 |    340 |    838 |   6445 |   9 | 1044.7 |
       Dungeon |   9402 |   9062 |    340 |    838 |   6445 |   9 | 1044.7 |
               +--------+--------+--------+--------+--------+-----+--------+

Top non-repeatable levels by time:
     D:9: 1347 daAuts
     D:7: 1314 daAuts
     D:2: 1266 daAuts
     D:1: 1059 daAuts
     D:5: 963 daAuts
     D:4: 925 daAuts
     D:6: 923 daAuts
     D:8: 837 daAuts
     D:3: 765 daAuts
